 Dungeon Crawl Stone Soup version 0.22-a0-305-gd21a89c (webtiles) character file.

1673 grindst0ne the Skirmisher (level 8, -1/67 HPs)
             Began as a Mummy Fighter on Mar 31, 2018.
             Was an Initiate of Gozag.
             Slain by an ogre
             ... wielding a cursed -3 giant club
              (10 damage)
             ... on level 3 of the Dungeon.
             The game lasted 00:19:47 (7161 turns).

grindst0ne the Skirmisher (Mummy Fighter)           Turns: 7161, Time: 00:19:48

Health: -1/67      AC: 13    Str: 21    XL:     8   Next: 70%
Magic:  8/8        EV:  6    Int:  8    God:    Gozag
Gold:   280        SH:  0    Dex: 11    Spells: 7/7 levels left

rFire    x . .     SeeInvis .   m - +3 battleaxe
rCold    + . .     Gourm    .   (shield currently unavailable)
rNeg     + + +     Faith    .   i - +0 plate armour
rPois    ∞         Spirit   .   k - +0 helmet
rElec    .         Reflect  .   (no cloak)
rCorr    .         Harm     .   p - +0 pair of gloves
MR       +....                  (no boots)
Stlth    ..........             g - amulet of magic regeneration
HPRegen  0.21/turn              (no ring)
MPRegen  0.36/turn              (no ring)

@: no status effects
A: no food or potions, fire vulnerability, cold resistance 1, negative energy
resistance 3, torment resistance, unbreathing
a: Potion Petition, Call Merchant, Bribe Branch, Renounce Religion


You were on level 3 of the Dungeon.
You worshipped Gozag.
Gozag was aware of your devotion.
You were not hungry.

You visited 1 branch of the dungeon, and saw 6 of its levels.

You collected 596 gold pieces.
You paid 316 gold pieces to Gozag.

Inventory:

Hand Weapons
 a - a +0 war axe
 b - a +0 blowgun
 m - a +3 battleaxe (weapon)
Missiles
 e - 27 poisoned needles
Armour
 c - a +1 shield
 i - a +0 plate armour (worn)
 k - a +0 helmet (worn)
 p - a +0 pair of gloves (worn)
Jewellery
 g - an amulet of magic regeneration (around neck)
 n - an uncursed ring of wizardry {unknown}
Scrolls
 d - a scroll of blinking
 f - 2 scrolls of teleportation {unknown}
 h - a scroll of amnesia
 j - a scroll of fear
 l - a scroll of enchant weapon {unknown}
 o - a scroll of identify


   Skills:
 - Level 7.2 Fighting
 + Level 5.7 Axes
 - Level 2.6 Armour
 - Level 5.5 Shields


You had 7 spell levels left.
You didn't know any spells.

Dungeon Overview and Level Annotations

Branches:
Dungeon (6/15)             Temple (0/1) D:5

Altars:
Cheibriados
Gozag
Nemelex Xobeh
Qazlal
Ru
Zin

Annotations:
D:2 exclusion: downstairs
D:3 exclusion: downstairs
D:4 exclusion: 2 downstairs, Rhok's ghost, novice MfGl
D:5 wazuzu's ghost, novice OgWz


Innate Abilities, Weirdness & Mutations

You do not eat or drink.
Your flesh is vulnerable to fire.
You are immune to poison.
Your flesh is cold resistant. (rC+)
You are immune to negative energy. (rN+++)
You are immune to unholy pain and torment.
You can survive without breathing.


Message History

Rhok's ghost hits you but does no damage.
You are electrocuted!
You hit Rhok's ghost.
Rhok's ghost is lightly damaged.
Rhok's ghost hits you but does no damage.
You are electrocuted!
Rhok's ghost hits you but does no damage.
You are electrocuted!
Okay, then.
Rhok's ghost says, "Live by the sword, die by the sword."
There is a stone staircase leading up here.
Rhok's ghost hits you but does no damage.
You are electrocuted!
* * * LOW HITPOINT WARNING * * *
You climb upwards.
Level annotation: exclusion: downstairs The ogre shouts!
The ogre hits you with a giant club!
You die...
Your body crumbles into a pile of gold.

######## ####......#
#......##.#
#.##.#.##.####
#.##.#.##.##.##
#.#...........##
#.#..#.##......# #
#.........#...######
#####@########..††....
#....O..# #.#######
#.......# #.# #
#.###.#.# ##+##
#.###.#.# ##...##
#.#...#.# ##.....##
#.#..##.###....)..## #
#.#...#.##.........###
#........'.........'..


You could see an ogre.

Vanquished Creatures
  Menkaure (D:4)
  An orc warrior (D:6)
  3 sky beasts
  2 phantoms (D:5)
  2 centaurs
  A bullfrog (D:4)
  5 wights (D:6)
  A quasit (D:6)
  A centaur zombie (D:3)
  A hound (D:5)
  An orc priest (D:3)
  An iguana (D:4)
  Jessica (D:2)
  Natasha (thrice) (D:2)
  5 orc wizards
  2 worker ants
  A hound skeleton (D:4)
  2 adders (D:3)
  A shadow imp (D:5)
  An adder skeleton (D:5)
  3 worms (D:3)
  2 dart slugs
  5 leopard geckos
  6 orcs
  5 giant cockroaches
  5 goblins
  4 hobgoblins
  7 jackals
  12 kobolds
  6 quokkas
  A ball python (D:3)
  4 bats
  10 frilled lizards
  2 quokka skeletons
  7 rats
115 creatures vanquished.

Notes
Turn   | Place    | Note
-------+----------+-------------------------------------------
     0 | D:1      | grindst0ne the Mummy Fighter began the quest for the Orb.
     0 | D:1      | Reached XP level 1. HP: 18/18 MP: 1/1
   140 | D:1      | Reached XP level 2. HP: 10/24 MP: 2/2
  1129 | D:2      | Noticed Jessica
  1144 | D:2      | Killed Jessica
  1144 | D:2      | Reached XP level 3. HP: 24/29 MP: 3/3
  1206 | D:2      | Found a glowing silver altar of Zin.
  1208 | D:2      | Found a sacrificial altar of Ru.
  1349 | D:2      | Found a stormy altar of Qazlal.
  1370 | D:2      | Reached XP level 4. HP: 37/37 MP: 4/4
  1514 | D:2      | Noticed Natasha
  1525 | D:2      | Killed Natasha
  1777 | D:2      | Noticed Natasha
  1788 | D:2      | Killed Natasha
  1788 | D:2      | Reached skill level 4 in Fighting
  1864 | D:2      | Noticed Natasha
  1871 | D:2      | Killed Natasha
  1871 | D:2      | Reached XP level 5. HP: 33/42 MP: 5/5
  2414 | D:3      | HP: 1/42 [orc priest/divine providence (13)]
  3084 | D:3      | Reached XP level 6. HP: 41/49 MP: 6/6
  3371 | D:3      | Found a snail-covered altar of Cheibriados.
  3793 | D:4      | Noticed Rhok's ghost (novice MfGl)
  3805 | D:4      | Noticed Menkaure
  4638 | D:4      | Found an opulent altar of Gozag.
  4646 | D:4      | Became a worshipper of Gozag Ym Sagoz the Greedy
  4781 | D:4      | Found a sparkling altar of Nemelex Xobeh.
  4836 | D:4      | Killed Menkaure
  4836 | D:4      | Reached skill level 5 in Fighting
  4947 | D:5      | Entered Level 5 of the Dungeon
  4948 | D:5      | Found a staircase to the Ecumenical Temple.
  4950 | D:5      | Reached XP level 7. HP: 56/56 MP: 7/7
  4957 | D:5      | Noticed wazuzu's ghost (novice OgWz)
  6095 | D:5      | Reached skill level 6 in Fighting
  6095 | D:5      | Reached skill level 5 in Shields
  6402 | D:6      | Reached XP level 8. HP: 61/64 MP: 8/8
  6461 | D:6      | Reached skill level 5 in Axes
  6786 | D:6      | Reached skill level 7 in Fighting
  7161 | D:3      | Slain by an ogre

Vault maps used:
D:1:      ncdulo_halloftheorcs
D:2:      nicolae_overflow_hidden_temple, uniq_natasha, uniq_jessica
D:3:      kennysheep_slug_shrine, first_ration, grunt_ministairs_15
D:4:      grunt_gozag_statues, nemelex_spade_bored_becter, uniq_menkaure
D:5:      temple_statues
D:6:      kennysheep_mini_moat, st_stairs_11, grunt_decor_arrowhead,
          uniq_crazy_yiuf_cottage

Skill      XL: |  1  2  3  4  5  6  7  8 |
---------------+-------------------------+-----
Axes           | 2 3 4 5 |  5.7
Shields        | 3 4 5 |  5.5
Fighting       | 4 5 6 7 |  7.2
Armour         | |  2.6

Action                   |  1- 3 |  4- 6 |  7- 9 || total
-------------------------+-------+-------+-------++-------
Melee: War axe           |   120 |   268 |   192 ||   580
       Battleaxe         |       |       |    56 ||    56
 Fire: Blowgun           |       |     2 |       ||     2
Invok: Potion Petition   |       |     1 |     1 ||     2
  Use: Scroll            |       |     5 |     5 ||    10
Armor: Scale mail        |    45 |    22 |       ||    67
       Chain mail        |       |    86 |    42 ||   128
       Plate armour      |       |       |   138 ||   138
Dodge: Dodged            |    47 |    52 |    66 ||   165
Block: Shield            |    69 |   131 |    98 ||   298

Table legend:
 A = Spawn XP
 B = Non-spawn XP
 C = Spawn XP percentage of total XP
 D = Spawn monster count
 E = Non-spawn monster count
 F = Spawn count percentage of total count
 G = Total turns spent on level
                    A         B        C        D         E        F      G
               +---------+---------+-------+---------+---------+-------+---------
         Total |       0 |    2391 |   0.0 |       0 |     115 |   0.0 |  7161
               +---------+---------+-------+---------+---------+-------+---------
           D:1 |       0 |      28 |   0.0 |       0 |      15 |   0.0 |  1076
           D:2 |       0 |     213 |   0.0 |       0 |      27 |   0.0 |  1429
           D:3 |       0 |     250 |   0.0 |       0 |      31 |   0.0 |  2002
           D:4 |       0 |     374 |   0.0 |       0 |      16 |   0.0 |  1243
           D:5 |       0 |     700 |   0.0 |       0 |      13 |   0.0 |   795
           D:6 |       0 |     826 |   0.0 |       0 |      13 |   0.0 |   616
               +---------+---------+-------+---------+---------+-------+---------
